AoeStats
← NDF

Arabia

507594573Analyzed
2v2 RM · 13d ago on Sep 18, 2026· 38m 11s· 4 players
Game mode
Random Map
Map size
Medium (4 player)
Population
200
Speed
Normal
Resources
Standard
Victory
Conquest
Starting age
Dark Age
Ending age
Imperial Age
RankedLock teamsTeams togetherTeam positionsShared explorationLock speedFull tech treeHidden civsTurbo modeCheats
Victory
Defeat
🇦🇷 Spanish · Argentina
966
+8
🇦🇷 Wu · Argentina
791
+14
🇦🇷 Teutons · Argentina
759
-11
🇦🇷 Spanish · Argentina
759
-11
NDF
3:00 Loom
12:59 Feudal Age
13:27 Man-at-Arms
16:09 Arson
23:47 Castle Age
22:23 Horse Collar
22:31 Double-Bit Axe
22:57 Stone Mining
23:07 Gold Mining
25:31 Pikeman
26:12 Squires
26:05 Elite Skirmisher
28:38 Stone Shaft Mining
31:58 Padded Archer Armor
31:48 Fletching
36:14 Forging
estebanpa
11:31 Feudal Age
9:50 Loom
12:22 Man-at-Arms
12:35 Man-at-Arms
14:01 Horse Collar
18:31 Arson
22:12 Gold Mining
22:52 Scale Barding Armor
22:55 Scale Mail Armor
25:19 Castle Age
24:14 Bloodlines
31:31 Town Watch
gurudeburdel
7:21 Loom
9:57 Feudal Age
12:24 Double-Bit Axe
12:30 Horse Collar
14:19 Fletching
14:29 Padded Archer Armor
23:18 Castle Age
23:18 Wheelbarrow
22:29 Town Watch
23:51 Forging
23:48 Crossbowman
32:16 Ballistics
ramiroale91
6:09 Loom
9:18 Feudal Age
9:56 Double-Bit Axe
10:09 Horse Collar
16:48 Wheelbarrow
20:09 Castle Age
21:47 Bloodlines
21:53 Scale Barding Armor
21:39 Fletching
23:40 Bow Saw
35:44 Imperial Age
35:52 Herbal Medicine
37:57 Gold Mining
Connection lost

Rejoining the realm…

Still unreachable

The connection could not be restored.

Session expired

The server has moved on; the page needs a fresh start.